 Dungeon Crawl Stone Soup version 0.24-a0-520-g8fd06ad0bc (webtiles) character file.

Game seed: 8564839475886810358

142 KristoblXynda the Slasher (level 5, -2/41 HPs)
             Began as a Draconian Skald on July 27, 2019.
             Killed by nerve-wracking pain
             ... invoked by Jessica
              (9 damage)
             ... on level 3 of the Dungeon.
             The game lasted 00:03:27 (2096 turns).

KristoblXynda the Slasher (Draconian Skald)         Turns: 2096, Time: 00:03:27

Health: -2/41      AC:  5    Str: 13    XL:     5   Next: 3%
Magic:  8/8        EV: 12    Int: 15    God:
Gold:   90         SH:  0    Dex: 10    Spells: 1/8 levels left

rFire    . . .     SeeInvis .   l - +0 long sword
rCold    . . .     Gourm    .   (no shield)
rNeg     . . .     Faith    .   (armour unavailable)
rPois    .         Spirit   .   (helmet restricted)
rElec    .         Reflect  .   (no cloak)
rCorr    .         Harm     .   (no gloves)
MR       .....                  (no boots)
Stlth    +.........             (no amulet)
HPRegen  0.13/turn              (no ring)
MPRegen  0.11/turn              (no ring)

@: no status effects
A: unfitting armour, cold-blooded, AC +5
a: no special abilities


You were on level 3 of the Dungeon.
You were not hungry.

You visited 1 branch of the dungeon, and saw 3 of its levels.

You collected 90 gold pieces.

Inventory:

Hand Weapons
 l - a +0 long sword (weapon)
Jewellery
 j - an uncursed ring of ice
Wands
 k - a wand of polymorph (9)
Scrolls
 a - a scroll of amnesia {unknown}
 b - 2 scrolls of remove curse {unknown}
 g - a scroll of identify {unknown}
 m - a scroll of magic mapping {unknown}
 n - a scroll of teleportation {unknown}
Potions
 d - a potion of agility {unknown}
 e - a potion of cancellation {unknown}
 h - a potion of heal wounds {unknown}
 i - a potion of degeneration {unknown}
Comestibles
 c - 5 rations
 o - 4 chunks of flesh


   Skills:
 - Level 2.1 Fighting
 * Level 4.0 Long Blades
 + Level 3.0 Dodging
 - Level 2.0 Spellcasting
 + Level 3.4 Charms


You had one spell level left.
You knew the following spells:

 Your Spells              Type           Power        Failure   Level  Hunger
a - Infusion              Chrm           ##..         5%          1    #......
b - Regeneration          Chrm/Necr      #.........   32%         3    ###....
c - Spectral Weapon       Hex/Chrm       #.......     32%         3    ###....

Your spell library contained the following spells:

 Spells                   Type           Power        Failure   Level  Hunger
 Song of Slaying          Chrm           ##......     9%          2    ###....
 Shroud of Golubria       Chrm/Tloc      #.....       17%         2    ###....


Dungeon Overview and Level Annotations

Branches:
Dungeon (3/15)

Altars:
Kikubaaqudgha
Makhleb
Ru
Yredelemnul

Annotations:
D:3 Jessica


Innate Abilities, Weirdness & Mutations

Your plain brown scales are hard. (AC +5)
You cannot fit into any form of body armour.
You are cold-blooded and may be slowed by cold attacks.


Message History

Jessica hits you with a +0 club.
* * * LOW HITPOINT WARNING * * *
You hit Jessica.
Jessica is almost dead.
Jessica misses you.
You riposte.
You hit Jessica but do no damage.
Jessica is almost dead.
Jessica gestures wildly while chanting.
Jessica blinks!
You start resting.
Jessica is too close now for your liking.
Jessica points at you and mumbles some strange words.
You barely resist.
You start resting.
Jessica is too close now for your liking.
You closely miss Jessica. You tail-slap Jessica.
Jessica is almost dead.
Jessica hits you but does no damage. Jessica casts a spell at you.
Pain shoots through your body!
You die...

#.#.......#
##.......##
..........##.?..
..
.....#....<.....
................
.(....[......<..
####............
#............
##..........#
#..@###.....#
#..@......[..
#$..#######..
##.## .. #. #.
##


You could see Jessica.

Vanquished Creatures
  An orc priest (D:3)
  Terence (D:2)
  3 adders
  3 leopard geckos
  2 orcs (D:3)
  2 ball pythons
  12 bats
  A giant cockroach (D:2)
  7 goblins
  4 hobgoblins
  6 kobolds
  4 frilled lizards
  12 rats
58 creatures vanquished.

Notes
Turn   | Place    | Note
-------+----------+-------------------------------------------
     0 | D:1      | KristoblXynda the Draconian Skald began the quest for the
                  | Orb.
     0 | D:1      | Reached XP level 1. HP: 17/17 MP: 3/3
   199 | D:1      | Reached XP level 2. HP: 24/24 MP: 5/5
   833 | D:2      | Found an ancient bone altar of Kikubaaqudgha.
   837 | D:2      | Noticed Terence
   849 | D:2      | Killed Terence
   849 | D:2      | Reached skill level 3 in Long Blades
   849 | D:2      | Reached XP level 3. HP: 27/29 MP: 0/6
  1043 | D:2      | Reached XP level 4. HP: 34/36 MP: 2/7
  1343 | D:2      | Learned a level 3 spell: Regeneration
  1347 | D:2      | Learned a level 3 spell: Spectral Weapon
  1416 | D:2      | Found a basalt altar of Yredelemnul.
  1458 | D:2      | Found a burning altar of Makhleb.
  1627 | D:3      | Found a sacrificial altar of Ru.
  1923 | D:3      | Reached skill level 4 in Long Blades
  1923 | D:3      | Reached XP level 5. HP: 38/41 MP: 8/8
  2066 | D:3      | Noticed Jessica
  2096 | D:3      | Killed from afar by Jessica

Levels and vault maps discovered:
D:1:      lemuel_arrival_behind_the_door_small, layout_loops_ring
D:2:      layout_rooms, nicolae_overflow_crystal_walls,
          grunt_temple_overflow_open, uniq_terence
D:3:      layout_rooms, lemuel_round_altar, lemuel_crystal_altar, uniq_jessica

Skill      XL: |  1  2  3  4 |
---------------+-------------+-----
Long Blades    | 3 4 |  4.0
Charms         | 3 |  3.4
Dodging        | 3 |  3.0
Fighting       | |  2.1
Spellcasting   | |  2.0

Action                   |  1- 3 |  4- 6 || total
-------------------------+-------+-------++-------
Melee: Falchion          |   104 |    46 ||   150
       Tailslap          |     7 |     6 ||    13
       Long sword        |       |    36 ||    36
 Cast: Infusion          |     2 |     1 ||     3
  Use: Potion            |       |     4 ||     4
 Stab: Sleeping          |       |     2 ||     2
  Eat: Chunk             |     1 |     3 ||     4
Armor: Skin              |    56 |    38 ||    94
Dodge: Dodged            |    87 |    81 ||   168
       Rpst.: Falchion   |    27 |    19 ||    46
       Long sword        |       |     6 ||     6

Table legend:
 A = Non-vault XP
 B = Vault XP
 C = Vault XP percentage of total XP
 D = Non-vault monster count
 E = Vault monster count
 F = Vault count percentage of total count
                 A         B        C        D         E       F
            +---------+---------+-------+---------+---------+-------
      Total |     167 |      36 |  17.7 |      57 |       1 |   1.7
            +---------+---------+-------+---------+---------+-------
        D:1 |      30 |       0 |   0.0 |      20 |       0 |   0.0
        D:2 |      69 |      36 |  34.3 |      29 |       1 |   3.3
        D:3 |      68 |       0 |   0.0 |       8 |       0 |   0.0
            +---------+---------+-------+---------+---------+-------
